 Dungeon Crawl Stone Soup version 0.27-a0-1278-g6cbc8dfb29 (webtiles) character file.

Game seed: 7861195773411659482

465 ZappyNine the Grave Robber (level 7, -5/43 HPs)
             Began as a Kobold Necromancer on June 12, 2021.
             Slain by Duvessa (15 damage)
             ... on level 4 of the Dungeon.
             The game lasted 00:10:08 (4998 turns).

ZappyNine the Grave Robber (Kobold Necromancer)     Turns: 4998, Time: 00:10:08

Health: -5/43      AC:  3    Str:  5    XL:     7   Next: 29%
Magic:  10/13      EV: 16    Int: 19    God:
Gold:   121        SH:  0    Dex: 27    Spells: 6/15 levels left

rFire    . . .     SeeInvis .   b - +0 hand axe
rCold    . . .     Faith    .   (shield restricted)
rNeg     . . .     Spirit   .   a - +0 robe
rPois    .         Reflect  .   j - +0 helmet
rElec    .         Harm     .   (no cloak)
rCorr    .         Rampage  .   (no gloves)
Will     .....                  (no boots)
Stlth    ++++......             (no amulet)
HPRegen  0.14/turn              h - +6 ring of dexterity
MPRegen  0.13/turn              i - +6 ring of dexterity

@: no status effects
A: small, no large weapons, nightstalker 3
a: no special abilities


You were on level 4 of the Dungeon.
You visited 1 branch of the dungeon, and saw 4 of its levels.

You collected 121 gold pieces.

Inventory:

Hand Weapons
 b - a +0 hand axe (weapon)
Missiles
 k - a throwing net
 n - 8 atropa-tipped darts
Armour
 a - a +0 robe (worn)
 j - a +0 helmet (worn)
 m - a +0 pair of gloves
Jewellery
 h - a +6 ring of dexterity (left hand)
 i - a +6 ring of dexterity (right hand)
Wands
 o - a wand of flame (21)
Scrolls
 c - a scroll of holy word {unknown}
 d - 3 scrolls of teleportation {unknown}
 e - a scroll of vulnerability {unknown}
 f - 3 scrolls of identify {unknown}
 l - a scroll of immolation {unknown}
Potions
 g - a potion of curing


   Skills:
 + Level 4.2 Fighting
 - Level 2.4 Dodging
 - Level 2.6 Stealth
 + Level 4.6 Spellcasting
 + Level 5.7 Necromancy


You had 6 spell levels left.
You knew the following spells:

 Your Spells              Type           Power      Damage    Failure   Level
a - Pain                  Necr           100%       1d9       1%          1
b - Animate Skeleton      Necr           52%        N/A       1%          1
c - Vampiric Draining     Necr           13%        2d7       3%          3
d - Animate Dead          Necr           13%        N/A       12%         4

Your spell library contained the following spells:

 Spells                   Type           Power      Damage    Failure   Level
 Agony                    Necr           26%        N/A       34%         5


Dungeon Overview and Level Annotations

Branches:
Dungeon (4/15)
 Temple: D:4-7

Altars:

Annotations:
D:3 robertstho's ghost, amateur DjFE
D:4 Duvessa


Innate Abilities, Weirdness & Mutations

You are small and have problems with some larger weapons.
You are completely attuned to the shadows.


Message History

A goblin comes into view. It is wielding a +0 club.
Found a brass wand.
A goblin is nearby!
The goblin shouts!
The goblin writhes in agony.
You kill the goblin!
You can't see any susceptible monsters within range! (Use Z to cast anyway.)
o - a wand of flame (21) Magic restored.
Things that are here:
a +0 club; a goblin corpse
Found 3 large rocks.
You see here 3 large rocks.
An endoplasm comes into view.
Found a stone staircase leading up.
An endoplasm is nearby!
An endoplasm is nearby!
An endoplasm is nearby!
The endoplasm quivers.
The endoplasm writhes in agony.
Duvessa, Sister of Dowan comes into view.
She is wielding a +0 short sword.
The endoplasm writhes in agony!
You kill the endoplasm!
Duvessa shouts!
Duvessa goes berserk!
You hear a shout!
You hear an angry hiss.
An adder skeleton comes into view.
Duvessa struggles to resist.
A goblin comes into view. It is wielding a +0 club.
You hear an angry hiss.
Unknown command.
Duvessa rages.
Duvessa hits you with a +0 short sword!
You see here 3 large rocks.
You hear a shout!
You hear a shout!
Duvessa hits you with a +0 short sword!
* * * LOW HITPOINT WARNING * * *
Duvessa hits you with a +0 short sword!
You die...

#.# ######## .....#.#
#......# .....#.#
#......# .....#.#
#..)...#
#...g..####......########
.....(Ze@................
....#####################
.... #......# ....
#......# .<.. #.)....#
######......#
#...........#
..............)
###............


You could see Duvessa (berserk), a goblin and an adder skeleton.

Vanquished Creatures
  An ice beast (D:3)
  Dowan (D:4)
  A bullfrog skeleton (D:4)
  Jessica (D:2)
  Natasha (D:4)
  3 orc wizards
  6 adders
  2 dart slugs
  11 orcs
  4 ball pythons
  6 endoplasms
  3 giant cockroaches
  3 goblins
  4 hobgoblins
  2 jackals (D:3)
  2 quokkas
  8 bats
  2 frilled lizards
  10 kobolds
  4 rats
75 creatures vanquished.

Vanquished Creatures (collateral kills)
  A hound (D:4)
  Natasha (D:4)
  A hobgoblin (D:4)
3 creatures vanquished.

Grand Total: 78 creatures vanquished

Notes
Turn   | Place    | Note
-------+----------+-------------------------------------------
     0 | D:1      | ZappyNine the Kobold Necromancer began the quest for the
                  | Orb.
     0 | D:1      | Reached XP level 1. HP: 10/10 MP: 3/3
   311 | D:1      | Reached XP level 2. HP: 14/16 MP: 3/5
   506 | D:1      | Learned a level 1 spell: Animate Skeleton
   666 | D:1      | Reached skill level 1 in Fighting
  1237 | D:2      | Reached XP level 3. HP: 15/20 MP: 1/6
  1377 | D:2      | Noticed Jessica
  1381 | D:2      | Killed Jessica
  1382 | D:2      | Reached XP level 4. HP: 23/26 MP: 3/8
  1499 | D:2      | Learned a level 3 spell: Vampiric Draining
  1504 | D:2      | Learned a level 4 spell: Animate Dead
  2415 | D:2      | Found a faded altar of an unknown god.
  2489 | D:3      | Noticed an ice beast
  2498 | D:3      | Killed an ice beast
  2499 | D:3      | Reached skill level 5 in Necromancy
  2499 | D:3      | Reached XP level 5. HP: 9/32 MP: 1/10
  3122 | D:3      | Reached XP level 6. HP: 31/37 MP: 7/11
  3925 | D:3      | Found a runed translucent door.
  4051 | D:3      | Noticed robertstho's ghost (amateur DjFE)
  4569 | D:4      | Noticed Natasha
  4577 | D:4      | Killed Natasha
  4630 | D:4      | Noticed Natasha
  4634 | D:4      | Reached XP level 7. HP: 29/42 MP: 1/13
  4637 | D:4      | Killed Natasha
  4836 | D:4      | Noticed Dowan
  4856 | D:4      | Killed Dowan
  4992 | D:4      | Noticed Duvessa
  4998 | D:4      | Slain by Duvessa

Illustrated notes

Levels and vault maps discovered:
D:1:      mrwooster_arrival_statue_3, layout_loops_cross
D:2:      layout_basic, shapermc_ecumenical_altar_mp_vishouse, uniq_jessica
D:3:      layout_basic, ebering_ghost_sewer_d
D:4:      layout_basic, uniq_natasha, uniq_duvessa

Skill      XL: |  1  2  3  4  5  6  7 |
---------------+----------------------+-----
Fighting       | 1 3 4 |  4.2
Spellcasting   | 3 4 |  4.6
Necromancy     | 5 |  5.7
Dodging        | |  2.4
Stealth        | |  2.6

Action                   |  1- 3 |  4- 6 |  7- 9 || total
-------------------------+-------+-------+-------++-------
Melee: Hand axe          |    12 |    50 |    22 ||    84
 Cast: Pain              |    34 |    99 |    10 ||   143
       Animate Skeleton  |       |     2 |       ||     2
       Animate Dead      |       |     4 |       ||     4
       Vampiric Draining |       |     1 |       ||     1
  Use: Potion            |       |     2 |       ||     2
 Stab: Sleeping          |       |     4 |       ||     4
Armor: Robe              |     3 |     9 |     4 ||    16
Dodge: Dodged            |    16 |    73 |    26 ||   115

Table legend: (Time is in decaauts)
 A = Elapsed time spent in this place.
 B = Non-inter-level travel time spent in this place.
 C = Inter-level travel time spent in this place.
 D = Time resting spent in this place.
 E = Time spent auto-exploring this place.
 F = Levels seen in this place.
 G = Mean time per level.
                   A        B        C        D        E       F      G
               +--------+--------+--------+--------+--------+-----+--------+
         Total |   5029 |   4835 |    194 |   1026 |   3192 |   4 | 1257.2 |
       Dungeon |   5029 |   4835 |    194 |   1026 |   3192 |   4 | 1257.2 |
               +--------+--------+--------+--------+--------+-----+--------+

Top non-repeatable levels by time:
     D:3: 1721 daAuts
     D:2: 1269 daAuts
     D:1: 1192 daAuts
     D:4: 846 daAuts
